 Dungeon Sprint DCSS version 0.24.0-125-gc4c63601f3 (webtiles) character file.

Game seed: 16560664044206653847, levelgen mode: deterministic

17654 Groucho the Spry (level 12, -21/67 HPs)
             Began as a Spriggan Enchanter on Mar 9, 2020.
             Was the Champion of Dithmenos.
             Demolished by a fire giant
             ... wielding a +2 great sword of flaming
              (22 damage)
             ... in the Dungeon (Sprint I: "Red Sonja").
             The game lasted 00:16:09 (4041 turns).

Groucho the Spry (Spriggan Enchanter)               Turns: 4041, Time: 00:16:10

Health: -21/67     AC:  3    Str:  2    XL:     12   Next: 20%
Magic:  27/31      EV: 35    Int: 19    God:    Dithmenos [******]
Gold:   882        SH:  0    Dex: 17    Spells: 27/39 levels left

rFire    . . .     SeeInvis +   l - +4 dagger (venom)
rCold    . . .     Gourm    .   (shield restricted)
rNeg     . . .     Faith    .   n - +1 robe {MR+}
rPois    .         Spirit   .   (helmet restricted)
rElec    .         Reflect  .   (no cloak)
rCorr    .         Harm     .   (gloves unavailable)
MR       +++..     NoTele   +   (boots unavailable)
Stlth    ++++++++++             (no amulet)
HPRegen  0.21/turn              (no ring)
MPRegen  0.22/turn              (no ring)

@: very slightly contaminated, wreathed by umbra, very quick
A: very small, unfitting armour, see invisible, clumsy 1, herbivore, speed 3,
screaming 1, slow metabolism 2, weak 1
a: Shadow Step, Shadow Form, Renounce Religion


You were in the Dungeon.
You worshipped Dithmenos.
Dithmenos was exalted by your worship.
You were not hungry.

You visited 1 branch You collected 1856 gold pieces.
You spent 974 gold pieces at shops.

Inventory:

Hand Weapons
 l - a +4 dagger of venom (weapon)
 m - the +1 short sword of Defence {drain, rN+ Int+2 Stlth+}
   (You bought it in a shop in the Dungeon)

   A truly terrible weapon, it drains the life of those it strikes.
   It affects your intelligence (+2).
   It protects you from negative energy.
   It makes you more stealthy.
Missiles
 c - 47 stones (quivered)
Armour
 n - a +1 robe of magic resistance (worn)
Jewellery
 b - an uncursed ring of magical power {unknown}
 q - an uncursed amulet of rage
Wands
 k - a wand of digging (4)
 p - a wand of paralysis (9)
Scrolls
 j - a scroll of remove curse {unknown}
Potions
 a - a potion of flight
 e - 3 potions of curing
 f - a potion of heal wounds
 g - a potion of haste
 h - a potion of magic
 i - a potion of invisibility
 r - a potion of degeneration {unknown}
Comestibles
 d - 2 rations


   Skills:
 - Level 10.3 Fighting
 - Level 10.1 Short Blades
 + Level 20.6 Dodging
 - Level 19.0 Stealth
 - Level 14.2 Spellcasting
 + Level 6.4 Conjurations
 - Level 15.0 Hexes


You had 27 spell levels left.
You knew the following spells:

 Your Spells              Type           Power        Failure   Level  Hunger
a - Corona                Hex            ######.      0%          1    None
b - Ensorcelled Hibernat  Hex/Ice        #####.       1%          2    None
c - Confuse               Hex            ######..     1%          3    None
d - Dazzling Spray        Conj/Hex       ######       1%          3    None
e - Tukima's Dance        Hex            ######..     1%          3    None

Your spell library contained the following spells:

 Spells                   Type           Power        Failure   Level  Hunger
 Portal Projectile        Hex/Tloc       #####.       1%          3    None
 Force Lance              Conj/Tloc      ####....     13%         4    None
 Gell's Gravitas          Tloc           ##........   14%         3    None
 Dispersal                Tloc           ##........   100%        6    #####..
 Controlled Blink         Tloc           N/A          100%        8    #######
 Disjunction              Tloc           ##........   100%        8    #######


Dungeon Overview and Level Annotations

Branches:
Dungeon (1/1)

Altars:
Cheibriados
Dithmenos
Elyvilon
Fedhas
Gozag
Hepliaklqana
Kikubaaqudgha
Makhleb
Nemelex Xobeh
Okawaru
Qazlal
Ru
Sif Muna
Trog
Uskayaw
Vehumet
Wu Jian
Xom
Yredelemnul
Zin
The Shining One
Jiyva
Lugonu

Shops:
D *([!%*[([!!}[%((!:%[?


Innate Abilities, Weirdness & Mutations

You are very small and have problems with some larger weapons.
You are too small for most types of armour.
You have supernaturally acute eyesight. (SInv)
You are a herbivore.
You cover ground extremely quickly.
You need to consume almost no food.
You are clumsy. (Dex -2)
You occasionally shout uncontrollably at your foes.
You are weak. (Str -2)


Message History

Aiming: Shadow Step
Press: ? - help, Dir - move target cursor, f - fire giant
Aim: a fire giant, wielding a +2 great sword of flaming (resting, umbra)
You step into the fire giant's shadow.
You shout at the fire giant! 3 fire giants come into view.
A fire giant is wielding a +2 great sword of flaming.
A fire giant is wielding a +1 great sword of flaming.
A fire giant is wielding a +1 great sword of flaming.
The fire giant shouts! x3
The fire giant gestures at you while chanting.
The bolt of fire hits you!!!
Ouch! That really hurt!
* * * LOW HITPOINT WARNING * * *
You emit a cloud of dark smoke.
Found eleven items.
Unknown command.
Blink to where?
Press: ? - help, Dir - move target cursor, p - fire giant You are very lightly contaminated with residual magic.
As you read the scroll of blinking, it crumbles to dust.
The fire giant hits you with a +2 great sword of flaming!!
You die...

'###.###.# #..#'###
[..'.∩##.# ##...#
########§# ###.#
....§§##§# #.# ....§§§§.#
#.# ''######.# ####'#
.......#§#### #....#
......#+.#)??#####...####
.....≈####%..§§C@..#
....≈≈##?)(.CC§#####
..≈≈≈###?$.C.§## ≈≈≈###
#(....# ###+####$$$$$
####∩∩###### ∩∩∩∩∩###≈≈≈≈
###### #### #..0


You could see a fire giant.

Vanquished Creatures
  A daeva (D)
  A hydra (D)
  2 centaur warriors (D)
  Sonja (D)
  7 unseen horrors (D)
  A deep troll (D)
  A lindwurm (D)
  An oklob plant (D)
  8 shining eyes (D)
  2 kobold demonologists (D)
  4 demonic crawlers (D)
  A hornet (D)
  A slime creature (D)
  Sigmund (D)
  2 redbacks (D)
  A yak (D)
  13 hogs (D)
  7 floating eyes (D)
  7 necrophages (D)
  An ogre (D)
  8 jellies (D)
  Ijyb (D)
  A ballistomycete spore (D)
73 creatures vanquished.

Vanquished Creatures (others)
  A gargoyle (D)
  A ballistomycete spore (D)
2 creatures vanquished.

Grand Total: 75 creatures vanquished

Notes
Turn   | Place    | Note
-------+----------+-------------------------------------------
     0 | D        | Groucho the Spriggan Enchanter began the quest for the Orb.
     0 | D        | Reached XP level 1. HP: 9/9 MP: 5/5
     2 | D        | Noticed Ijyb
    15 | D        | Killed Ijyb
    15 | D        | Reached skill level 10 in Stealth
    15 | D        | Reached XP level 2. HP: 13/13 MP: 6/6
    75 | D        | Noticed an ogre
    86 | D        | Learned a level 2 spell: Ensorcelled Hibernation
    88 | D        | Killed an ogre
    88 | D        | Reached skill level 5 in Hexes
    88 | D        | Reached XP level 3. HP: 16/16 MP: 2/10
    88 | D        | Reached XP level 4. HP: 21/21 MP: 2/11
   361 | D        | Noticed Sigmund
   363 | D        | Killed Sigmund
   363 | D        | Reached XP level 5. HP: 24/24 MP: 11/15
   363 | D        | Reached XP level 6. HP: 28/28 MP: 12/17
   379 | D        | Found a shimmering blue altar of Sif Muna.
   380 | D        | Found an ornate altar of the Wu Jian Council.
   381 | D        | Found a radiant altar of Vehumet.
   385 | D        | Reached skill level 15 in Stealth
   422 | D        | Found Pulehuwk's Distillery.
   422 | D        | Found an ancient bone altar of Kikubaaqudgha.
   422 | D        | Found a hazy altar of Hepliaklqana.
   422 | D        | Found a stormy altar of Qazlal.
   422 | D        | Found a hide-covered altar of Uskayaw.
   422 | D        | Found a blossoming altar of Fedhas.
   422 | D        | Found a bloodstained altar of Trog.
   422 | D        | Found an iron altar of Okawaru.
   422 | D        | Found a basalt altar of Yredelemnul.
   422 | D        | Found a glowing golden altar of the Shining One.
   422 | D        | Found a snail-covered altar of Cheibriados.
   422 | D        | Found a sacrificial altar of Ru.
   422 | D        | Found a glowing silver altar of Zin.
   422 | D        | Found a shadowy altar of Dithmenos.
   422 | D        | Found a white marble altar of Elyvilon.
   422 | D        | Noticed a yak
   423 | D        | Found an opulent altar of Gozag.
   424 | D        | Killed a yak
   425 | D        | Found a sparkling altar of Nemelex Xobeh.
   429 | D        | Bought a potion of invisibility for 112 gold pieces
   435 | D        | Became a worshipper of Dithmenos the Shadowed
   452 | D        | Learned a level 3 spell: Confuse
   456 | D        | Learned a level 3 spell: Dazzling Spray
   460 | D        | Learned a level 3 spell: Tukima's Dance
   476 | D        | Noticed a centaur warrior
   476 | D        | Noticed a centaur warrior
   477 | D        | Killed a centaur warrior
   477 | D        | Reached skill level 10 in Spellcasting
   477 | D        | Reached skill level 10 in Hexes
   477 | D        | Reached XP level 7. HP: 32/32 MP: 18/21
   477 | D        | Reached XP level 8. HP: 36/36 MP: 19/23
   478 | D        | Killed a centaur warrior
   491 | D        | Noticed a hornet
   494 | D        | Killed a hornet
   494 | D        | Reached * piety under Dithmenos
   505 | D        | Noticed an oklob plant
   507 | D        | Killed an oklob plant
   507 | D        | Reached skill level 5 in Dodging
   507 | D        | Reached XP level 9. HP: 39/39 MP: 23/27
   534 | D        | Reached ** piety under Dithmenos
   534 | D        | Reached skill level 6 in Dodging
   552 | D        | Noticed an unseen horror
   553 | D        | Noticed an unseen horror
   567 | D        | Killed an unseen horror
   567 | D        | Reached skill level 5 in Short Blades
   567 | D        | Reached skill level 7 in Dodging
   573 | D        | Killed an unseen horror
   573 | D        | Reached skill level 8 in Dodging
  1080 | D        | Killed a gargoyle
  1102 | D        | Reached skill level 9 in Dodging
  1121 | D        | Reached *** piety under Dithmenos
  1140 | D        | Reached XP level 10. HP: 44/44 MP: 29/29
  1155 | D        | Reached **** piety under Dithmenos
  1326 | D        | Reached ***** piety under Dithmenos
  1326 | D        | Reached skill level 10 in Dodging
  1335 | D        | Reached skill level 15 in Hexes
  1367 | D        | Found Ulautt's Antique Weapon Shoppe.
  1367 | D        | Found Ishumn's Antique Armour Shop.
  1367 | D        | Found Qauptaos's Armour Boutique.
  1369 | D        | Found Ruskuhet's Distillery.
  1369 | D        | Found Fill's Distillery.
  1369 | D        | Found Tigusk's Gadget Shoppe.
  1369 | D        | Found Konnaw's Antique Armour Boutique.
  1369 | D        | Found Soclyel's Food Emporium.
  1369 | D        | Found Tudwixitui's Weapon Shop.
  1369 | D        | Found Nayco's Weapon Shoppe.
  1375 | D        | Found Momopir's Distillery.
  1376 | D        | Found Woafio's Food Emporium.
  1376 | D        | Found Kuevih's Book Boutique.
  1377 | D        | Found Sol Cono's Magic Scroll Emporium.
  1378 | D        | Bought a wand of digging (6) for 200 gold pieces
  1393 | D        | Bought a +4 dagger of venom for 268 gold pieces
  1401 | D        | Bought a potion of flight for 42 gold pieces
  1404 | D        | Bought a translucent short sword for 152 gold pieces
  1404 | D        | Identified the +1 short sword of Defence {drain, rN+ Int+2
                  | Stlth+} (You bought it in a shop in the Dungeon)
  1419 | D        | Bought an embroidered robe for 70 gold pieces
  1822 | D        | Noticed a deep troll
  1824 | D        | Killed a deep troll
  1824 | D        | Reached skill level 11 in Dodging
  1838 | D        | Found Vierphusy's Armour Emporium.
  1853 | D        | Noticed Sonja
  1856 | D        | Killed Sonja
  1856 | D        | Reached skill level 12 in Dodging
  1873 | D        | Found Emeamusm's Assorted Antiques.
  1881 | D        | Bought a large blue amulet for 130 gold pieces
  2200 | D        | Found a burning altar of Makhleb.
  2200 | D        | Found a shimmering altar of Xom.
  2202 | D        | Found a viscous altar of Jiyva.
  2202 | D        | Found a corrupted altar of Lugonu.
  2203 | D        | Reached skill level 10 in Short Blades
  2219 | D        | Reached skill level 13 in Dodging
  2222 | D        | Reached skill level 14 in Dodging
  2272 | D        | Reached ****** piety under Dithmenos
  2272 | D        | Reached skill level 1 in Fighting
  2278 | D        | Reached skill level 15 in Dodging
  2638 | D        | Noticed a lindwurm
  2640 | D        | Killed a lindwurm
  2640 | D        | Reached skill level 16 in Dodging
  2640 | D        | Reached XP level 11. HP: 54/54 MP: 30/30
  2651 | D        | Reached skill level 5 in Fighting
  2658 | D        | Reached skill level 17 in Dodging
  2667 | D        | Noticed a 12-headed hydra
  2669 | D        | Killed a 12-headed hydra
  2669 | D        | Reached skill level 18 in Dodging
  2730 | D        | Noticed a shining eye
  2730 | D        | Noticed a shining eye
  2730 | D        | Noticed a shining eye
  2730 | D        | Noticed a shining eye
  2730 | D        | Noticed a shining eye
  2730 | D        | Noticed a shining eye
  2731 | D        | Paralysed by a floating eye for 3 turns
  2741 | D        | Paralysed by a floating eye for 3 turns
  2852 | D        | Noticed a shining eye
  2852 | D        | Noticed a shining eye
  2852 | D        | Gained mutation: You are clumsy. (Dex -2) [a shining eye]
  2857 | D        | Reached skill level 1 in Conjurations
  2859 | D        | Killed a shining eye
  2860 | D        | Gained mutation: You occasionally shout uncontrollably at
                  | your foes. [a shining eye]
  2861 | D        | Killed a shining eye
  2863 | D        | Killed a shining eye
  2865 | D        | Killed a shining eye
  2868 | D        | Killed a shining eye
  2868 | D        | Reached skill level 19 in Dodging
  2870 | D        | Killed a shining eye
  2870 | D        | Gained mutation: You are weak. (Str -2) [a shining eye]
  2880 | D        | Killed a shining eye
  2885 | D        | Killed a shining eye
  2888 | D        | Found Waady's Weapon Shoppe.
  2888 | D        | Found Plog's Food Shop.
  2888 | D        | Found Depoin's Antique Armour Emporium.
  2888 | D        | Found Miew's Assorted Antiques.
  3296 | D        | Noticed a daeva
  3300 | D        | Noticed an unseen horror
  3300 | D        | Noticed an unseen horror
  3300 | D        | Noticed an unseen horror
  3300 | D        | Noticed an unseen horror
  3301 | D        | Noticed an unseen horror
  3308 | D        | Killed an unseen horror
  3310 | D        | Killed an unseen horror
  3310 | D        | Reached skill level 5 in Conjurations
  3312 | D        | Killed an unseen horror
  3312 | D        | Reached skill level 20 in Dodging
  3312 | D        | Reached XP level 12. HP: 34/67 MP: 25/31
  3703 | D        | Killed a daeva
  3703 | D        | Reached skill level 10 in Fighting
  4039 | D        | Noticed a fire giant
  4040 | D        | Noticed a fire giant
  4040 | D        | Noticed a fire giant
  4040 | D        | Noticed a fire giant
  4040 | D        | HP: 1/67 [fire giant/bolt of fire (61)]
  4041 | D        | Demolished by a fire giant

Levels and vault maps discovered:
D:        dungeon_sprint_1 [red_sonja_temple_1, red_sonja_temple_small_1]

Skill      XL: |  1  2  3  4  5  6  7  8  9 10 11 12 |
---------------+-------------------------------------+-----
Stealth        | 10 12 14 19 | 19.0
Spellcasting   | 4 7 10 13 14 | 14.2
Hexes          | 5 7 10 13 14 15 | 15.0
Short Blades   | 3 6 10 | 10.1
Dodging        | 5 9 16 20 | 20.6
Fighting       | 4 9 10 | 10.3
Conjurations   | 5 6 |  6.4

Action                   |  1- 3 |  4- 6 |  7- 9 | 10-12 || total
-------------------------+-------+-------+-------+-------++-------
Melee: Dagger            |     9 |     4 |    11 |    92 ||   116
 Cast: Ensorcelled Hiber |     2 |       |     8 |     9 ||    19
       Dazzling Spray    |       |       |       |    22 ||    22
       Confuse           |       |       |       |     5 ||     5
Invok: Shadow Step       |       |       |       |    10 ||    10
Evoke: Wand              |       |       |       |     2 ||     2
  Use: Potion            |     1 |       |       |     2 ||     3
       Scroll            |       |     1 |       |     2 ||     3
 Stab: Sleeping          |     1 |     4 |    11 |    44 ||    60
       Invisible         |       |       |       |     8 ||     8
       Confused          |       |       |       |     3 ||     3
  Eat: Ration            |       |       |       |     1 ||     1
Armor: Robe              |       |       |     1 |     6 ||     7
Dodge: Dodged            |     7 |       |    15 |   113 ||   135
